AoeStats
← player0

Arabia

509829527Analyzed
2v2 RM · 5d ago on Sep 28, 2026· 36m 50s· 4 players
Game mode
Random Map
Map size
Medium (4 player)
Population
200
Speed
Normal
Resources
Standard
Victory
Conquest
Starting age
Dark Age
Ending age
Imperial Age
RankedLock teamsTeams togetherTeam positionsShared explorationLock speedFull tech treeHidden civsTurbo modeCheats
Victory
Defeat
🇺🇸 Burgundians · United States
1107
+13
🇨🇳 Franks · China
1024
+16
🇧🇪 Huns · Belgium
1047
-15
1020
-14
player0
6:59 Loom
10:49 Feudal Age
15:41 Scale Barding Armor
22:57 Castle Age
20:59 Double-Bit Axe
22:52 Forging
24:51 Chain Barding Armor
lenkamie plays on touchpad
10:30 Loom
12:53 Feudal Age
12:46 Loom
14:54 Wheelbarrow
20:10 Castle Age
19:00 Double-Bit Axe
18:59 Horse Collar
22:20 Forging
27:35 Pikeman
32:51 Iron Casting
32:22 Scale Barding Armor
O.Bender
4:58 Double-Bit Axe
10:53 Feudal Age
10:33 Horse Collar
10:49 Gold Mining
11:00 Man-at-Arms
11:40 Loom
17:38 Gold Shaft Mining
24:13 Castle Age
22:50 Bow Saw
23:53 Forging
24:20 Fletching
27:54 Town Watch
29:41 Cavalier
31:08 Scale Barding Armor
35:52 Bodkin Arrow
22155426
1:19 Loom
13:51 Feudal Age
14:22 Double-Bit Axe
19:02 Castle Age
19:17 Scale Barding Armor
22:26 Wheelbarrow
23:21 Forging
25:03 Gold Mining
27:56 Chain Barding Armor
28:43 Gold Shaft Mining
29:48 Iron Casting
29:04 Fletching
29:54 Town Watch
32:07 Stone Mining
33:17 Bodkin Arrow
34:10 Bow Saw
Connection lost

Rejoining the realm…

Still unreachable

The connection could not be restored.

Session expired

The server has moved on; the page needs a fresh start.